 Dungeon Crawl Stone Soup version 0.29-a0-1019-g84f7d21838 (webtiles) character file.

Game seed: 3721484730400396736

145 jlumianski the Chopper (level 5, -5/38 HPs)
             Began as a Demonspawn Gladiator on Aug 11, 2022.
             Killed from afar by Natasha (8 damage)
             ... with a magic dart
             ... on level 4 of the Dungeon.
             The game lasted 00:10:28 (3009 turns).

jlumianski the Chopper (Demonspawn Gladiator)       Turns: 3009, Time: 00:10:28

Health: -5/38      AC:  9    Str: 16    XL:     5   Next: 6%
Magic:  14/14      EV: 12    Int: 10    God:
Gold:   186        SH:  0    Dex: 16    Spells: 4/4 levels left

rFire   . . .      SeeInvis .   a - +1 war axe
rCold   . . .      Faith    .   (no shield)
rNeg    . . .      Spirit   .   q - +0 ring mail
rPois   +          Reflect  .   c - +0 helmet
rElec   .          Harm     .   i - +0 cloak
rCorr   .          Rampage  .   (no gloves)
Will    .....                   x - +1 pair of boots
Stlth   +.........              r - amulet of Compassion {Regen+ Dex+2}
HPRegen 0.92/turn               p - ring of poison resistance
MPRegen 0.14/turn               s - ring of magical power

@: invisible
A: hooves 1, demonic magic 2
a: no special abilities


You were on level 4 of the Dungeon.
You visited 1 branch of the dungeon, and saw 4 of its levels.

You collected 186 gold pieces.

Inventory:

Hand Weapons
 a - a +1 war axe (weapon)
 l - a +0 sling
Missiles
 d - 3 throwing nets
 e - a javelin
 f - 33 stones
 w - 5 curare-tipped darts (quivered)
Armour
 b - a +0 leather armour
 c - a +0 helmet (worn)
 i - a +0 cloak (worn)
 q - a +0 ring mail (worn)
 x - a +1 pair of boots (worn)
Jewellery
 p - a ring of poison resistance (left hand)
 r - the amulet of Compassion (around neck) {Regen+ Dex+2}
   (You found it on level 2 of the Dungeon)

   [amulet of regeneration]

   Dex:       It affects your dexterity (+2).
   Regen:     It increases your rate of health regeneration.
 s - a ring of magical power (right hand)
 t - an amulet of magic regeneration
Scrolls
 h - a scroll of fear
 o - a scroll of vulnerability
Potions
 g - a potion of haste {unknown}
 k - a potion of heal wounds {unknown}
 n - a potion of curing {unknown}


   Skills:
 + Level 2.2 Fighting
 + Level 3.4 Axes
 + Level 2.1 Throwing
 + Level 2.7 Armour
 + Level 3.2 Dodging
 + Level 0.5 Stealth


You had 4 spell levels left.
You didn't know any spells.
Your spell library contained the following spells:

 Spells                   Type           Power      Damage    Failure   Level
 Summon Guardian Golem    Hex/Summ       0%         N/A       91%         3
 Orb of Destruction       Conj           0%         9d5       100%        7
 Spellforged Servitor     Conj/Summ      0%         N/A       100%        7


Dungeon Overview and Level Annotations

Branches:
Dungeon (4/15)
 Temple: D:4-7

Altars:
Yredelemnul

Shops:
D:2 :

Annotations:
D:4 Natasha


Innate Abilities, Weirdness & Mutations

You have large cloven feet.
Spells you cast may paralyse nearby enemies.


Message History

Natasha stares at you and mumbles some strange words.
You resist with some effort.
There is a stone staircase leading up here.
Natasha mumbles some strange words.
Natasha misses you.
The shadow imp hits you but does no damage.
You slash Natasha!
Natasha is almost dead.
You barely miss the shadow imp.
Natasha mumbles some strange words.
The shadow imp gestures at you. Pain shoots through your body!
You closely miss Natasha.
Natasha is almost dead.
You hit the shadow imp. Natasha barely misses you. The shadow imp misses you.
The white imp gestures at you. The puff of frost hits you!
Natasha extends her claws.
Natasha closely misses you.
You barely miss Natasha.
Natasha is almost dead.
You slash the shadow imp!
You kill the shadow imp!
The shadow imp disappears in a puff of smoke!
The white imp gestures at you. The puff of frost hits you.
Natasha casts a spell at you. The magic dart hits you.
You closely miss Natasha.
Natasha is almost dead.
The white imp shouts, "Embrace thy doom, thou baffled sheep-biting canker-blossom!"
Natasha claws you.
* * * LOW HITPOINT WARNING * * *
The white imp gestures at you. The puff of frost hits you!
* * * LOW HITPOINT WARNING * * *
You fade into invisibility!
Natasha closely misses you. Natasha casts a spell at you.
The magic dart hits you!
You die...

#.... ###.....
###...... ..#.##
#......# # ..[... #
###......# .#
....##
#.#........##.#. .
#........#......
#....<..)......#
#.....@....##.$##
#...$..h...# ..
#......5...##.###
#......!.†........
.?...........##.##.
.##.......(...#....
#..............#
#..........##....
#########.#.....#


You could see Natasha and a white imp (summoned, unable to see you).

Vanquished Creatures
  A hound (D:3)
  An iguana (D:3)
  An orc wizard (D:3)
  2 dart slugs (D:1)
  6 orcs (D:3)
  5 bats
  4 endoplasms
  5 giant cockroaches
  8 goblins
  5 hobgoblins
  4 kobolds
  A quokka (D:1)
  2 ball pythons
  4 frilled lizards (D:2)
  3 rats
52 creatures vanquished.

Vanquished Creatures (others)
  A quokka (D:3)
  11 withered plants (D:2)
12 creatures vanquished.

Grand Total: 64 creatures vanquished

Notes
Turn   | Place    | Note
-------+----------+-------------------------------------------
     0 | D:1      | jlumianski the Demonspawn Gladiator began the quest for the
                  | Orb.
     0 | D:1      | Reached XP level 1. HP: 16/16 MP: 1/1
   211 | D:1      | Gained mutation: Spells you cast may paralyse adjacent
                  | enemies. [demonic ancestry]
   211 | D:1      | Reached XP level 2. HP: 17/22 MP: 2/2
  1401 | D:2      | Found Besiufe's Book Boutique.
  1417 | D:2      | Identified the amulet of Compassion {Regen+ Dex+2}
  1497 | D:2      | Reached XP level 3. HP: 27/27 MP: 3/3
  1719 | D:2      | Found a faded altar of an unknown god.
  1875 | D:3      | Reached skill level 1 in Armour
  2731 | D:3      | Gained mutation: Spells you cast may paralyse nearby
                  | enemies. [demonic ancestry]
  2731 | D:3      | Reached XP level 4. HP: 29/33 MP: 4/4
  2750 | D:4      | Found a basalt altar of Yredelemnul.
  2842 | D:3      | Gained mutation: You have large cloven feet. [demonic
                  | ancestry]
  2842 | D:3      | Reached XP level 5. HP: 29/38 MP: 5/5
  2886 | D:4      | Noticed Natasha
  3007 | D:4      | HP: 1/38 [white imp/puff of frost[Natasha] (9)]
  3009 | D:4      | Killed from afar by Natasha

Illustrated notes

Levels and vault maps discovered:
D:1:      kennysheep_arrival_forest, layout_basic
D:2:      minmay_skewed_foursquare, layout_loops_ring,
          ebering_ecumenical_altar_petrified, serial_shops, shop
D:3:      layout_loops_cross, lemuel_old_faithful
D:4:      layout_rooms, mainiacjoe_overflow_cross_hatched, uniq_eustachio,
          uniq_natasha

Skill      XL: |  1  2  3 |
---------------+----------+-----
Throwing       | 2 |  2.1
Axes           | 3 |  3.4
Dodging        | 3 |  3.2
Armour         | 2 |  2.7
Fighting       | |  2.2
Stealth        | |  0.5

Action                   |  1- 3 |  4- 6 || total
-------------------------+-------+-------++-------
Melee: War axe           |   109 |    30 ||   139
Throw: Dart              |     1 |       ||     1
  Use: Scroll            |     1 |     5 ||     6
       Potion            |     1 |     1 ||     2
 Stab: Invisible         |     1 |       ||     1
       Sleeping          |     1 |       ||     1
Armor: Leather armour    |    44 |     8 ||    52
       Ring mail         |       |     4 ||     4
Dodge: Dodged            |    91 |    29 ||   120

Table legend: (Time is in decaauts)
 A = Elapsed time spent in this place.
 B = Non-inter-level travel time spent in this place.
 C = Inter-level travel time spent in this place.
 D = Time resting spent in this place.
 E = Time spent auto-exploring this place.
 F = Levels seen in this place.
 G = Mean time per level.
                   A        B        C        D        E       F      G
               +--------+--------+--------+--------+--------+-----+--------+
         Total |   3062 |   2836 |    226 |    102 |   1764 |   4 |  765.5 |
       Dungeon |   3062 |   2836 |    226 |    102 |   1764 |   4 |  765.5 |
               +--------+--------+--------+--------+--------+-----+--------+

Top non-repeatable levels by time:
     D:2: 1170 daAuts
     D:3: 1043 daAuts
     D:1: 792 daAuts
     D:4: 56 daAuts
